 Dungeon Crawl Stone Soup version 0.28-a0-48-gfd831c5874 (webtiles) character file.

Game seed: 8315685838046501483

115 siradein the Slasher (level 4, -1/33 HPs)
             Began as a Demonspawn Gladiator on July 30, 2021.
             Killed from afar by an orc wizard (3 damage)
             ... with a magic dart
             ... on level 3 of the Dungeon.
             The game lasted 00:05:10 (3287 turns).

siradein the Slasher (Demonspawn Gladiator)         Turns: 3287, Time: 00:05:11

Health: -1/33      AC:  4    Str: 21    XL:     4   Next: 68%
Magic:  4/4        EV:  9    Int:  9    God:
Gold:   126        SH:  0    Dex: 17    Spells: 3/3 levels left

rFire   . . .      SeeInvis .   a - +0 long sword
rCold   + . .      Faith    .   n - +0 kite shield
rNeg    . . .      Spirit   .   b - +0 leather armour
rPois   .          Reflect  .   (helmet restricted)
rElec   .          Harm     .   (no cloak)
rCorr   .          Rampage  .   (no gloves)
Will    .....                   i - +0 pair of boots
Stlth   ++........              (no amulet)
HPRegen 0.11/turn               h - ring of protection from cold
MPRegen 0.09/turn               k - +6 ring of strength

@: confused
A: antennae 1, thin skeletal structure 1, demonic magic 1
a: no special abilities


You were on level 3 of the Dungeon.
You visited 1 branch of the dungeon, and saw 3 of its levels.

You collected 126 gold pieces.

Inventory:

Hand Weapons
 a - a +0 long sword (weapon)
Missiles
 d - 3 throwing nets (quivered)
Armour
 b - a +0 leather armour (worn)
 i - a +0 pair of boots (worn)
 n - a +0 kite shield (worn)
Jewellery
 h - a ring of protection from cold (left hand)
 k - a +6 ring of strength (right hand)
Scrolls
 l - 4 scrolls of identify {unknown}
 o - a scroll of teleportation {unknown}
Potions
 c - a potion of berserk rage {unknown}
 e - a potion of haste {unknown}
 f - a potion of heal wounds {unknown}
 g - a potion of ambrosia {unknown}
 j - a potion of lignification {unknown}
 m - a potion of attraction {unknown}


   Skills:
 - Level 2.0 Fighting
 + Level 5.0 Long Blades
 - Level 1.7 Throwing
 - Level 2.6 Dodging


You had 3 spell levels left.
You didn't know any spells.
Your spell library contained the following spells:

 Spells                   Type           Power      Damage    Failure   Level
 Sublimation of Blood     Necr           0%         N/A       99%         2
 Wereblood                Tmut           0%         N/A       99%         2
 Summon Hydra             Summ           0%         N/A       100%        7


Dungeon Overview and Level Annotations

Branches:
Dungeon (3/15)

Altars:


Innate Abilities, Weirdness & Mutations

You have a pair of small antennae on your head.
You have a somewhat thin skeletal structure. (Dex +2, Stealth+)
Spells you cast may paralyse adjacent enemies.


Message History

The orc hits you with a +0 hand axe! The orc hits you with a +0 hand axe.
You hit the orc.
The orc is severely wounded.
The orc barely misses you.
You hit the orc.
You kill the orc!
Your shield and leather armour prevent you from hitting the orc.
The orc hits you with a +0 mace. x2
You hit the orc but do no damage. The orc hits you with a +0 mace.
You are too injured to fight recklessly!
You are too injured to fight recklessly!
You are too injured to fight recklessly!
You are too injured to fight recklessly!
An orc wizard comes into view. It is wielding a +0 dagger.
The orc hits you with a +0 mace. The orc wizard casts a spell at you.
You are confused.
You're too confused to move!
The orc misses you. The orc barely misses you.
You bump into the rock wall.
The orc hits you with a +0 short sword.
You hit the orc but do no damage.
You feel less confused. The orc hits you but does no damage.
The orc hits you with a +0 short sword.
The orc wizard points at you and mumbles some strange words.
The puff of flame hits you.
* * * LOW HITPOINT WARNING * * *
The orc closely misses you.
You riposte.
You hit the orc but do no damage. The orc closely misses you.
The orc wizard gestures at you while chanting.
You are confused.
You bump into the rock wall.
You bump into the rock wall.
The orc hits you with a +0 short sword.
* * * LOW HITPOINT WARNING * * *
The orc wizard hits you with a +0 dagger.
* * * LOW HITPOINT WARNING * * *
The orc throws a boomerang.
The boomerang hits you.
* * * LOW HITPOINT WARNING * * *
The orc wizard casts a spell at you. The magic dart hits you.
You die...

####.......'....)....'......##
#....####.........####....#
######.#.## ##..<....## ##.##.
#.........# ##.....## ####.
#.####.##.# ##...## #..
##.##.# ##'## #.# #..##.# #.#
#.# #.###.########.# #.# # #.#
#......@...### #)#
#.###.###..###.#.....# #†#
#.)........# #.#o....# #.#
#####.###..###<#oo...# #.#
#..........#...#.#########.#
#####......................#
##...........###########
#############


You could see an orc wizard and 2 orcs.

Vanquished Creatures
  Robin (D:1)
  2 adders (D:2)
  3 gnolls
  A worm (D:3)
  A dart slug (D:1)
  2 orcs (D:3)
  2 bats (D:3)
  4 endoplasms
  A giant cockroach (D:1)
  9 goblins
  6 hobgoblins
  6 jackals
  A quokka (D:2)
  3 ball pythons
  2 kobolds (D:1)
  4 rats
48 creatures vanquished.

Notes
Turn   | Place    | Note
-------+----------+-------------------------------------------
     0 | D:1      | siradein the Demonspawn Gladiator began the quest for the
                  | Orb.
     0 | D:1      | Reached XP level 1. HP: 16/16 MP: 1/1
   282 | D:1      | Reached skill level 3 in Long Blades
   521 | D:1      | Gained mutation: Spells you cast may paralyse adjacent
                  | enemies. [demonic ancestry]
   521 | D:1      | Reached XP level 2. HP: 19/22 MP: 2/2
  1202 | D:2      | Noticed Robin
  1492 | D:1      | Killed Robin
  1493 | D:1      | Reached skill level 4 in Long Blades
  1493 | D:1      | Gained mutation: You have a pair of small antennae on your
                  | head. [demonic ancestry]
  1493 | D:1      | Reached XP level 3. HP: 21/27 MP: 3/3
  1759 | D:2      | Found a faded altar of an unknown god.
  2410 | D:3      | Gained mutation: You have a somewhat thin skeletal
                  | structure. (Dex +2, Stealth+) [demonic ancestry]
  2410 | D:3      | Reached XP level 4. HP: 32/33 MP: 4/4
  3170 | D:3      | Reached skill level 5 in Long Blades
  3287 | D:3      | Killed from afar by an orc wizard

Illustrated notes

Levels and vault maps discovered:
D:1:      saegor_arrival_simple_d, layout_loops_corners,
          minmay_misc_feat_nine_boxes
D:2:      layout_loops_ring, basic_ecumenical_altar, uniq_robin
D:3:      layout_loops_corners, mainiacjoe_overflow_paths

Skill      XL: |  1  2  3  4 |
---------------+-------------+-----
Long Blades    | 3 4 5 |  5.0
Fighting       | |  2.0
Throwing       | |  1.7
Dodging        | |  2.6

Action                   |  1- 3 |  4- 6 || total
-------------------------+-------+-------++-------
Melee: Long sword        |    83 |    59 ||   142
 Stab: Sleeping          |     1 |       ||     1
Armor: Leather armour    |    40 |    22 ||    62
Dodge: Dodged            |    66 |    34 ||   100
Block: Kite shield       |     2 |    30 ||    32
       Rpst.: Long sword |    20 |    10 ||    30

Table legend: (Time is in decaauts)
 A = Elapsed time spent in this place.
 B = Non-inter-level travel time spent in this place.
 C = Inter-level travel time spent in this place.
 D = Time resting spent in this place.
 E = Time spent auto-exploring this place.
 F = Levels seen in this place.
 G = Mean time per level.
                   A        B        C        D        E       F      G
               +--------+--------+--------+--------+--------+-----+--------+
         Total |   3343 |   3272 |     71 |    333 |   2420 |   3 | 1114.3 |
       Dungeon |   3343 |   3272 |     71 |    333 |   2420 |   3 | 1114.3 |
               +--------+--------+--------+--------+--------+-----+--------+

Top non-repeatable levels by time:
     D:1: 1500 daAuts
     D:2: 1262 daAuts
     D:3: 581 daAuts
